 Dungeon Crawl Stone Soup version 0.30-a0-1160-g6e42c06551 (webtiles) character file.

Game seed: 206111898240844252

219 senseless the Shield-Bearer (level 5, -5/34 HPs)
             Began as a Gargoyle Fighter on Apr 26, 2023.
             Was an Initiate of Hepliaklqana.
             Killed from afar by a white imp (13 damage)
             ... with a puff of frost
             ... summoned by Eustachio
             ... on level 4 of the Dungeon.
             The game lasted 00:06:56 (2484 turns).

senseless the Shield-Bearer (Gargoyle Fighter)      Turns: 2484, Time: 00:06:57

Health: -5/34      AC: 18    Str: 22    XL:     5   Next: 96%
Magic:  5/5        EV:  6    Int: 14    God:    Hepliaklqana [......]
Gold:   217        SH:  4    Dex:  9    Spells: 4/4 levels left

rFire   . . .        a - +0 flail
rCold   . . .        c - +0 buckler
rNeg    + . .        r - +0 plate armour
rPois   ∞            t - +0 helmet
rElec   +            v - +0 cloak
rCorr   .            (no gloves)
SInv    .            (no boots)
Will    .....        (no amulet) Stlth
                     g - +6 ring of intelligence
HPRegen 0.25/turn    n - ring of wizardry
MPRegen 0.09/turn

%: wizardry (x1)
@: no status effects
A: sickness immunity, AC +4, negative energy resistance 1, electricity
resistance, torment resistance 1, petrification resistance
a: Renounce Religion


You were on level 4 of the Dungeon.
You worshipped Hepliaklqana.
Hepliaklqana was noncommittal.
You visited 1 branch of the dungeon, and saw 4 of its levels.

You collected 217 gold pieces.

Inventory:

Hand Weapons
 a - a +0 flail (weapon)
 s - a +3 dagger
Armour
 b - a +0 scale mail
 c - a +0 buckler (worn)
 f - a +1 ring mail of willpower
 r - a +0 plate armour (worn)
 t - a +0 helmet (worn)
 v - a +0 cloak (worn)
Magical Staves
 w - a staff of conjuration
Jewellery
 g - a +6 ring of intelligence (left hand)
 n - a ring of wizardry (right hand)
 p - a ring of resist corrosion
 u - an amulet of the acrobat
Scrolls
 e - 4 scrolls of identify {unknown}
 h - 3 scrolls of poison {unknown}
 j - 2 scrolls of enchant weapon {unknown}
 k - 3 scrolls of teleportation {unknown}
 l - a scroll of magic mapping {unknown}
 m - 2 scrolls of vulnerability {unknown}
 q - a scroll of amnesia {unknown}
 x - a scroll of fear {unknown}
 y - a scroll of blinking {unknown}
 z - a scroll of fog {unknown}
Potions
 i - 2 potions of magic {unknown}
 o - a potion of curing {unknown}
 A - a potion of brilliance {unknown}


   Skills:
 + Level 4.5 Fighting
 + Level 3.3 Maces & Flails
 + Level 4.5 Armour
 + Level 4.5 Shields


You had 4 spell levels left.
You didn't know any spells.
Your spell library was empty.

Dungeon Overview and Level Annotations

Branches:
Dungeon (4/15)
 Temple: D:4-7

Altars:
Hepliaklqana
Qazlal

Shops:
D:1 =   D:2 [

Annotations:
D:4 Eustachio


Innate Abilities, Weirdness & Mutations

You are immune to sickness and miasma.
Your stone body is resilient. (AC +4)
You are immune to poison.
You resist negative energy. (rN+)
You are resistant to electric shocks. (rElec)
You are resistant to unholy torment.
You are immune to petrification.


Message History

The quasit claws you but does no damage. x2
The bat barely misses you. The rat barely misses you.
You barely miss the white imp. The bat hits you but does no damage.
The bat hits you. You block the quasit's attack. The quasit barely misses you.
The quasit claws you but does no damage.
The white imp barely misses you. The rat bites you.
* * * LOW HITPOINT WARNING * * *
Eustachio gestures wildly while chanting.
Eustachio blinks!
You closely miss the bat. The bat hits you.
* * * LOW HITPOINT WARNING * * *
The bat hits you but does no damage. You block the quasit's attack.
The quasit claws you but does no damage. x2
You block the white imp's attack. The rat bites you but does no damage.
The bat hits you.
* * * LOW HITPOINT WARNING * * *
The quasit bites you but does no damage.
The quasit claws you but does no damage. x2
You hit the bat.
The bat is moderately wounded.
You block the bat's attack. The white imp gestures at you.
The puff of frost misses you.
The quasit bites you but does no damage.
You block the quasit's attack.
The quasit claws you but does no damage.
The rat bites you but does no damage.
You closely miss the bat.
The bat is moderately wounded.
The quasit disappears in a puff of smoke!
The bat barely misses you. The bat hits you but does no damage.
The bat barely misses you. The rat bites you but does no damage.
The white imp hits you but does no damage. x2
The rat closely misses you.
You closely miss the bat.
The bat is moderately wounded.
You block the bat's attack. The bat barely misses you.
The white imp gestures at you. The puff of frost hits you!
You die...

.....#.###.#######
.................#
.......###.#####.# .#
....<..# #.# #.# .# #
...).#.###.# #.# .#.#
....#...##.#
#.###.#.###
..)))......###
#.#.......
##.##...##...# #b#.#...
...###.......###@#.#.##
#### #####.#...55rb...#
#.###...b§.#..# # #.#
##.....@..##.# ##
#............#
#.##.........## ..#
##.##...#.# #.#
#.###$...# ... #.#
###.#


You could see Eustachio, 2 white imps, 3 bats and a rat (summoned).

Vanquished Creatures
  A black bear (D:3)
  An iguana (D:4)
  2 adders
  3 worms (D:2)
  2 dart slugs (D:3)
  4 orcs
  7 endoplasms
  3 goblins
  7 hobgoblins
  4 jackals
  5 kobolds
  4 quokkas
  3 ball pythons
  7 bats
  4 frilled lizards
  9 rats
66 creatures vanquished.

Notes
Turn   | Place    | Note
-------+----------+-------------------------------------------
     0 | D:1      | senseless the Gargoyle Fighter began the quest for the Orb.
     0 | D:1      | Reached XP level 1. HP: 14/14 MP: 1/1
   101 | D:1      | Reached XP level 2. HP: 19/19 MP: 2/2
   601 | D:1      | Found Byesewiu's Jewellery Boutique.
   687 | D:2      | Reached XP level 3. HP: 23/23 MP: 3/3
   923 | D:2      | Found a stormy altar of Qazlal.
  1032 | D:2      | Found Xaxaacoh's Armour Emporium.
  1254 | D:2      | Reached XP level 4. HP: 29/29 MP: 4/4
  2098 | D:3      | Found a hazy altar of Hepliaklqana.
  2221 | D:3      | Became a worshipper of Hepliaklqana the Forgotten
  2296 | D:4      | Noticed a black bear
  2310 | D:3      | Killed a black bear
  2311 | D:3      | Reached XP level 5. HP: 29/34 MP: 5/5
  2439 | D:4      | Noticed Eustachio
  2484 | D:4      | Killed from afar by a white imp

Illustrated notes

Levels and vault maps discovered:
D:1:      dpeg_arrival_orchard, layout_loops_ring, serial_shops,
          nicolae_shop_tiny_real_fake_doors, wad_floor_pattern_untrapped
D:2:      layout_loops_ring, basic_altar, serial_shops, nicolae_diamond_shop
D:3:      minmay_inner_zag, layout_basic, nzn_hepliaklqana_mist_gate,
          chequers_mini_garden, minmay_fractal_squares_5
D:4:      gammafunk_steamed_eel, layout_loops_ring,
          hellmonk_okawaru_the_only_friend_you_need, gammafunk_ghost_grave,
          uniq_eustachio

Skill      XL: |  1  2  3  4 |
---------------+-------------+-----
Fighting       | 4 |  4.5
Armour         | 4 |  4.5
Shields        | 4 |  4.5
Maces & Flails | 3 |  3.3

Action                     |  1- 3 |  4- 6 || total
---------------------------+-------+-------++-------
  Melee: Flail             |   131 |   103 ||   234
    Use: Potion            |       |     1 ||     1
 Armour: Ring mail         |    30 |       ||    30
         Plate armour      |    44 |   163 ||   207
  Dodge: Dodged            |    46 |    72 ||   118
  Block: Buckler           |    35 |    47 ||    82

Table legend: (Time is in decaauts)
 A = Elapsed time spent in this place.
 B = Non-inter-level travel time spent in this place.
 C = Inter-level travel time spent in this place.
 D = Time resting spent in this place.
 E = Time spent auto-exploring this place.
 F = Levels seen in this place.
 G = Mean time per level.
                   A        B        C        D        E       F      G
               +--------+--------+--------+--------+--------+-----+--------+
         Total |   2553 |   2468 |     85 |     19 |   1867 |   4 |  638.2 |
       Dungeon |   2553 |   2468 |     85 |     19 |   1867 |   4 |  638.2 |
               +--------+--------+--------+--------+--------+-----+--------+

Top non-repeatable levels by time:
     D:3: 941 daAuts
     D:2: 699 daAuts
     D:1: 672 daAuts
     D:4: 239 daAuts
